 Dungeon Crawl Stone Soup version 0.29.0-4-gdea44cf6ec (webtiles) character file.

Game seed: 13128899360799883731

12 qw the Chopper (level 2, -9/24 HPs)
             Began as a Barachi Chaos Knight on Sept 6, 2022.
             Mangled by a red devil
             ... wielding a +0 trident
             ... summoned by Xom
              (15 damage)
             ... on level 1 of the Dungeon.
             The game lasted 00:00:09 (398 turns).

qw the Chopper (Barachi Chaos Knight)                Turns: 398, Time: 00:00:09

Health: -9/24      AC:  5    Str: 13    XL:     2   Next: 33%
Magic:  2/2        EV: 11    Int: 12    God:
Gold:   5          SH:  0    Dex: 11    Spells: 1/1 levels left

rFire   . . .      SeeInvis .   a - +0 hand axe (chaos)
rCold   . . .      Faith    .   (no shield)
rNeg    . . .      Spirit   .   b - +2 leather armour
rPois   .          Reflect  .   (no helmet)
rElec   .          Harm     .   (no cloak)
rCorr   .          Rampage  .   (no gloves)
Will    .....                   (no boots)
Stlth   +.........              (no amulet)
HPRegen 0.08/turn               (no ring)
MPRegen 0.08/turn               (no ring)

@: spiked, slowed, very slow
A: amphibious, slowness 1, strong legs 1, +LOS
a: Hop


You were on level 1 of the Dungeon.
You visited 1 branch of the dungeon, and saw 1 of its levels.

You collected 5 gold pieces.


Innate Abilities, Weirdness & Mutations

You are amphibious.
You cover ground slowly.
You can hop short distances.
You have an extended range of vision and can be seen from far away.


   Skills:
 - Level 3.6 Fighting
 + Level 4.1 Axes
 - Level 2.4 Armour
 - Level 1.1 Dodging


You had one spell level left.
You didn't know any spells.
Your spell library was empty.

Inventory:

Hand Weapons
 a - a +0 hand axe of chaos (weapon)
Armour
 b - a +2 leather armour (worn)
 e - an orb of wrath
 f - a +0 ring mail
Scrolls
 d - a scroll of butterflies {unknown}
 g - 2 scrolls of teleportation {unknown}
 h - a scroll of brand weapon {unknown}
Miscellaneous
 c - a piece from Xom's chessboard (15/15)

Dungeon Overview and Level Annotations

Branches:
Dungeon (1/15)

Altars:


Message History

g - 2 scrolls labelled AROCSO SURI You now have 5 gold pieces.
h - a scroll labelled RAAPHOWENI
Enter note: A dart slug comes into view.
Enter note: You hit the dart slug.
You burn the dart slug.
The dart slug is moderately wounded.
You hit the dart slug.
The dart slug is moderately wounded.
The dart slug launches a dart at you. The slug dart hits you.
You hit the dart slug. You freeze the dart slug.
You kill the dart slug!
You start resting.
HP restored.
A rat comes into view.
You hit the rat.
You kill the rat!
Found 5 stones.
You see here 5 stones. "Let's see if it's strong enough to survive yet."
The divine experience drains your vigour!
You feel yourself slow down.
A red devil comes into view. It is wielding a +0 trident.
You hit the red devil but do no damage. You hit the red devil.
You freeze the red devil.
The red devil is lightly wounded.
The red devil closely misses you.
You hit the red devil but do no damage.
The red devil is lightly wounded.
The red devil misses you. The red devil barely misses you.
You hit the red devil.
The red devil is lightly wounded.
The red devil hits you with a +0 trident!!
Ouch! That really hurt!
Barbed spikes become lodged in your body.
The red devil hits you with a +0 trident!
Ouch! That really hurt!
You die...

#.#.#####.# #. #.#.#
#... #####.#.### ###
#.........###
#######.#.#.........
#.........#.....###.
#.#####.###.....###.
#.###.4.......
#.(..@..#####
######..# .....
...### ....# .....#
......# ......+
......#


You could see a red devil (summoned).

Vanquished Creatures
  2 dart slugs (D:1)
  An endoplasm (D:1)
  2 giant cockroaches (D:1)
  A bat (D:1)
  A frilled lizard (D:1)
  2 rats (D:1)
9 creatures vanquished.

Notes
Turn   | Place    | Note
-------+----------+-------------------------------------------
     0 | D:1      | qw the Barachi Chaos Knight began the quest for the Orb.
     0 | D:1      | Reached XP level 1. HP: 18/18 MP: 1/1
     0 | D:1      | 0 ||| qw: Version: 0.1-a-107-g9ff403c
     0 | D:1      | 0 ||| qw: Game counter: 6164
     0 | D:1      | 0 ||| qw: Always use a shield: true
     0 | D:1      | 0 ||| qw: God list: Okawaru
     0 | D:1      | 0 ||| qw: Allow faded altars: false
     0 | D:1      | 0 ||| qw: Do Orc after D:15 true
     0 | D:1      | 0 ||| qw: Do second Lair branch before Depths: true
     0 | D:1      | 0 ||| qw: Lair rune preference: random
     0 | D:1      | 0 ||| qw: Plans: Normal
     0 | D:1      | 0 ||| PLANNING D:1-11
     0 | D:1      | Fell from the grace of Xom
    31 | D:1      | 31 ||| Stepping ~*~*~tactically~*~*~ (hiding).
   146 | D:1      | Reached XP level 2. HP: 24/24 MP: 2/2
   213 | D:1      | Reached skill level 4 in Axes
   394 | D:1      | XOM: summons 1 hostile demon
   395 | D:1      | Noticed a red devil
   398 | D:1      | HP: 6/24 [red devil/+0 trident[Xom] (18)]
   398 | D:1      | Mangled by a red devil

Levels and vault maps discovered:
D:1:      dpeg_arrival_round_a, layout_loops_corners,
          ebering_ecumenical_altar_abandoned, minivault_14

Skill      XL: |  1  2 |
---------------+-------+-----
Axes           | 4 |  4.1
Fighting       | |  3.6
Armour         | |  2.4
Dodging        | |  1.1

Action                   || total
-------------------------++-------
Melee: Hand axe          ||    21
Invok: Renounce Religion ||     1
Armor: Leather armour    ||     2
Dodge: Dodged            ||     8

Table legend:
 A = Non-vault XP
 B = Vault XP
 C = Vault XP percentage of total XP
 D = Non-vault monster count
 E = Vault monster count
 F = Vault count percentage of total count
                 A         B        C        D         E       F
            +---------+---------+-------+---------+---------+-------
      Total |      18 |       0 |   0.0 |       9 |       0 |   0.0
            +---------+---------+-------+---------+---------+-------
        D:1 |      18 |       0 |   0.0 |       9 |       0 |   0.0
            +---------+---------+-------+---------+---------+-------
